 Dungeon Crawl Stone Soup version 0.26.1-11-gd32895ea62 (webtiles) character file.

Game seed: 3143263285507574032

812 Eitelfritz the Slasher (level 7, -4/60 HPs)
             Began as a Minotaur Gladiator on June 20, 2021.
             Was a Follower of the Shining One.
             Slain by a two-headed ogre
             ... wielding a +0 giant club
              (7 damage)
             ... on level 5 of the Dungeon.
             The game lasted 00:08:35 (4563 turns).

Eitelfritz the Slasher (Minotaur Gladiator)         Turns: 4563, Time: 00:08:38

Health: -4/60      AC:  8    Str: 19    XL:     7   Next: 61%
Magic:  6/6        EV: 12    Int:  7    God:    the Shining One [*.....]
Gold:   252        SH:  0    Dex: 17    Spells: 6/6 levels left

rFire    . . .     SeeInvis .   a - +2 long sword
rCold    . . .     Faith    .   (no shield)
rNeg     . . .     Spirit   .   r - +0 scale mail
rPois    .         Reflect  .   c - +1 hat
rElec    .         Harm     .   (no cloak)
rCorr    .         Rampage  .   (no gloves)
Will     .....                  (no boots)
Stlth    +.........             (no amulet)
HPRegen  0.20/turn              s - +6 ring of dexterity
MPRegen  0.10/turn              (no ring)

@: glowing
A: retaliatory headbutt, horns 2
a: Renounce Religion


You were on level 5 of the Dungeon.
You worshipped the Shining One.
The Shining One was aware of your devotion.
You visited 1 branch of the dungeon, and saw 5 of its levels.

You collected 252 gold pieces.

Inventory:

Hand Weapons
 a - a +2 long sword (weapon)
 b - a +0 shortbow
 f - a +2 flail of holy wrath
 A - a +1 falchion of holy wrath
Missiles
 d - 4 throwing nets
 g - 11 poisoned darts
 h - 8 boomerangs of dispersal
 i - 9 arrows
 t - 8 atropa-tipped darts (quivered)
 x - 6 boomerangs
Armour
 c - a +1 hat (worn)
 p - a +0 chain mail
 r - a +0 scale mail (worn)
 u - a +0 plate armour of willpower
Jewellery
 e - an uncursed amulet of the acrobat
 s - a +6 ring of dexterity (left hand)
 C - an uncursed amulet of guardian spirit
Wands
 y - a wand of acid (8)
Scrolls
 j - 3 scrolls of teleportation
Potions
 l - a potion of resistance
 n - a potion of cancellation {unknown}
 q - a potion of lignification {unknown}
 v - a potion of magic {unknown}
 w - 2 potions of flight
 z - a potion of heal wounds {unknown}
 B - a potion of brilliance {unknown}


   Skills:
 + Level 4.4 Fighting
 + Level 7.8 Long Blades
 + Level 3.0 Throwing
 + Level 4.0 Armour
 + Level 4.5 Dodging
 + Level 1.2 Stealth


You had 6 spell levels left.
You didn't know any spells.
Your spell library was empty.

Dungeon Overview and Level Annotations

Branches:
Dungeon (5/15)             Temple (0/1) D:5

Altars:
Ashenzari
Dithmenos
Ru
Uskayaw
Wu Jian
Xom
Zin
The Shining One

Annotations:
D:3 3 runed translucent doors, Almogavar's ghost, amateur GnWn; Findor's ghost, amateur VSFi; Yosebu's ghost, amateur GrFi; boben's ghost, amateur GnTm; grovkorv's ghost, amateur DEVM


Innate Abilities, Weirdness & Mutations

You reflexively headbutt those who attack you in melee.
You have a pair of horns on your head.


Message History

Your headbutt misses the two-headed ogre.
The two-headed ogre is lightly wounded.
The two-headed ogre hits you with a +0 giant club!!
The two-headed ogre hits you with a +0 giant club!
You hit the two-headed ogre. You headbutt the two-headed ogre.
The two-headed ogre is moderately wounded.
The two-headed ogre hits you with a +0 giant club!
* * * LOW HITPOINT WARNING * * *
The two-headed ogre misses you.
Throw: 9 darts (atropa)
Press: ? - help, Q - select action, (/) - cycle Shift-Dir - straight line, f/p - two-headed ogre
Aim: a two-headed ogre, wielding two +0 giant clubs (moderately wounded, haloed, 94% to hit, chance to blind on hit: 3%)
You throw an atropa-tipped dart.
The atropa-tipped dart hits the two-headed ogre.
The two-headed ogre resists.
The two-headed ogre is moderately wounded.
The two-headed ogre hits you with a +0 giant club!
* * * LOW HITPOINT WARNING * * *
The two-headed ogre hits you with a +0 giant club!
You die...

..#.......# ..#.......#
..'.......+ ..#†......#
..#.......# ..#.......#
..+..##################
+##..#..†.............#
.....#..........@O.(..#
.....#..#####..#####(.#
.....#......#..#......#
.....#......#..#.....(#
.....#####..#..#..#####
.....# .....#..#.....
.....#......#..#.....
###..#..#####..#####.
..+..#......#..#.....


You could see a two-headed ogre.

Vanquished Creatures
  Prince Ribbit (D:5)
  2 ogres
  A centaur (D:5)
  2 jellies (D:3)
  An orc priest (D:4)
  Terence (D:2)
  A worker ant (D:4)
  A hound skeleton (D:4)
  6 adders
  3 adder skeletons
  4 worms
  3 dart slugs
  3 leopard geckos
  13 orcs
  11 bats
  5 giant cockroaches
  7 goblins
  10 hobgoblins
  2 iguanas
  7 jackals
  5 kobolds
  2 quokkas
  A ball python (D:4)
  A frilled lizard (D:2)
  2 leopard gecko skeletons
  6 rats
101 creatures vanquished.

Notes
Turn   | Place    | Note
-------+----------+-------------------------------------------
     0 | D:1      | Eitelfritz the Minotaur Gladiator began the quest for the
                  | Orb.
     0 | D:1      | Reached XP level 1. HP: 18/18 MP: 0/0
    54 | D:1      | Reached skill level 4 in Long Blades
    54 | D:1      | Reached XP level 2. HP: 21/25 MP: 1/1
   486 | D:1      | Reached XP level 3. HP: 30/30 MP: 2/2
   499 | D:1      | Found a glowing golden altar of the Shining One.
   790 | D:1      | Became a worshipper of the Shining One
   861 | D:2      | Reached skill level 1 in Armour
  1250 | D:2      | Noticed Terence
  1252 | D:2      | Found a shadowy altar of Dithmenos.
  1267 | D:2      | Killed Terence
  1268 | D:2      | Reached XP level 4. HP: 13/37 MP: 3/3
  1616 | D:2      | Reached skill level 5 in Long Blades
  1649 | D:2      | Found an ornate altar of the Wu Jian Council.
  1692 | D:2      | Found a glowing silver altar of Zin.
  2174 | D:3      | Found a shimmering altar of Xom.
  2318 | D:3      | Reached XP level 5. HP: 42/45 MP: 4/4
  2479 | D:3      | Found a sacrificial altar of Ru.
  2815 | D:3      | Found a runed translucent gate.
  2815 | D:3      | Found a runed translucent gate.
  2815 | D:3      | Found a runed translucent gate.
  2816 | D:3      | Noticed grovkorv's ghost (amateur DEVM)
  2816 | D:3      | Noticed boben's ghost (amateur GnTm)
  2817 | D:3      | Noticed Yosebu's ghost (amateur GrFi)
  2818 | D:3      | Noticed Findor's ghost (amateur VSFi)
  2818 | D:3      | Noticed Almogavar's ghost (amateur GnWn)
  2919 | D:3      | Noticed a +0 dagger
  2920 | D:3      | Found a hide-covered altar of Uskayaw.
  2920 | D:3      | Noticed a +0 dagger
  3104 | D:4      | Reached * piety under the Shining One
  3244 | D:4      | Noticed an ogre
  3253 | D:4      | Killed an ogre
  3254 | D:4      | Reached skill level 6 in Long Blades
  3254 | D:4      | Reached XP level 6. HP: 30/52 MP: 5/5
  3442 | D:4      | Found a broken altar of Ashenzari.
  4018 | D:5      | Entered Level 5 of the Dungeon
  4057 | D:5      | Noticed Prince Ribbit
  4069 | D:5      | Killed Prince Ribbit
  4070 | D:5      | Reached skill level 7 in Long Blades
  4070 | D:5      | Reached skill level 1 in Stealth
  4070 | D:5      | Reached XP level 7. HP: 27/59 MP: 6/6
  4237 | D:5      | Found a staircase to the Ecumenical Temple.
  4555 | D:5      | Noticed a two-headed ogre
  4563 | D:5      | HP: 3/60 [two-headed ogre/+0 giant club (9)]
  4563 | D:5      | Slain by a two-headed ogre

Illustrated notes

Levels and vault maps discovered:
D:1:      scummos_arrival_simple_fountains, layout_loops_ring, tso_altar
D:2:      layout_loops_corners, nicolae_overflow_hidden_temple,
          lemuel_crystal_altar, lemuel_round_altar, chequers_mini_garden,
          uniq_terence
D:3:      layout_basic, nicolae_ru_awakened_eye, dancing_weapons_uskayaw,
          gammafunk_ghost_cemetery, dk_xom_monty_hall
D:4:      layout_basic, evilmike_ruin_ashenzari, abandoned_shop
D:5:      kennysheep_windowed_halls, layout_gridville,
          minmay_temple_entry_slanted, uniq_prince_ribbit1

Skill      XL: |  1  2  3  4  5  6  7 |
---------------+----------------------+-----
Long Blades    | 4 5 6 7 |  7.8
Armour         | 1 2 3 4 |  4.0
Dodging        | 4 |  4.5
Fighting       | 3 4 |  4.4
Stealth        | 1 |  1.2
Throwing       | 3 |  3.0

Action                   |  1- 3 |  4- 6 |  7- 9 || total
-------------------------+-------+-------+-------++-------
Melee: Long sword        |    77 |    94 |    17 ||   188
       Headbutt          |     8 |    23 |     1 ||    32
 Fire: Shortbow          |       |       |     3 ||     3
Throw: Boomerang         |       |    11 |     1 ||    12
       Dart              |       |       |     3 ||     3
  Use: Potion            |     1 |       |       ||     1
       Scroll            |       |    12 |       ||    12
Armor: Leather armour    |    44 |     9 |       ||    53
       Scale mail        |       |    29 |     7 ||    36
Dodge: Dodged            |    77 |    66 |     9 ||   152
       Rpst.: Long sword |    19 |    20 |     1 ||    40
